 Dungeon Crawl Stone Soup version 0.27-a0-1332-g84bddb5ca7 (webtiles) character file.

Game seed: 338036460194070252

504332 pyrow613 the Devastator (level 23, -11/199 HPs)
             Began as a Demigod Conjurer on June 8, 2021.
             Mangled by a titan (36 damage)
             ... on level 5 of the Vaults on June 25, 2021.
             The game lasted 11:32:22 (91629 turns).

pyrow613 the Devastator (Demigod Conjurer)         Turns: 91629, Time: 11:32:23

Health: -11/199    AC: 11    Str: 16    XL:     23   Next: 3%
Magic:  27/45      EV: 16    Int: 52    God:
Gold:   844        SH: 15    Dex: 12    Spells: 7/47 levels left

rFire    + + .     SeeInvis +   a - +4 hunting sling "Turia" {freeze, rF+ SInv}
rCold    + + +     Faith    .   R - +2 kite shield {rN+}
rNeg     + + .     Spirit   .   b - +4 skin of Zhor {*Englaciate rC+++ SInv}
rPois    +         Reflect  .   p - +2 hood of the Assassin {Detection Stab+ Stlth++}
rElec    +         Harm     .   I - +0 cloak
rCorr    +         Rampage  .   c - +2 pair of gloves {Stlth+}
Will     +++..                  F - +0 pair of boots
Stlth    ++++++....             t - amulet of magic regeneration
HPRegen  0.43/turn              o - +6 ring of intelligence
MPRegen  0.54/turn              W - ring "Nibun" {rPois rN+ Will+ Int+6}

@: resistant, corroded, very slightly contaminated, invisible
A: high mp 1, forlorn, sense surroundings 1
}: 2/15 runes: decaying, serpentine
a: no special abilities


You were on level 5 of the Vaults.
You visited 9 branches of the dungeon, and saw 43 of its levels.
You also visited: Desolation.

You collected 5453 gold pieces.
You spent 4609 gold pieces at shops.

Inventory:

Hand Weapons
 a - the +4 hunting sling "Turia" (weapon) {freeze, rF+ SInv}
   (You acquired it on level 2 of the Orcish Mines)

   It causes projectiles fired from it to freeze those they strike, causing
   extra injury to most foes and up to half again as much damage against
   particularly susceptible opponents.
   They can also slow down cold-blooded creatures.
   It protects you from fire.
   It lets you see invisible.
Missiles
 i - 31 stones (quivered ammo)
 y - 18 boomerangs of dispersal
 Q - 5 curare-tipped darts
 T - 255 sling bullets
Armour
 b - the +4 skin of Zhor (worn) {*Englaciate rC+++ SInv}
   (You found it on level 15 of the Dungeon)

   It renders you almost immune to cold.
   It lets you see invisible.
 c - a +2 pair of gloves of stealth (worn)
 p - the +2 hood of the Assassin (worn) {Detection Stab+ Stlth++}
   (You found it on level 4 of the Depths)

   It makes you much more stealthy.
 F - a +0 pair of boots (worn)
 I - a +0 cloak (worn)
 R - a +2 kite shield of positive energy (worn)
Jewellery
 o - a +6 ring of intelligence (left hand)
 t - an amulet of magic regeneration (around neck)
 V - a ring of protection from fire
 W - the ring "Nibun" (right hand) {rPois rN+ Will+ Int+6}
   (You bought it in a shop on level 3 of the Snake Pit)

   [ring of intelligence]

   It affects your intelligence (+6).
   It protects you from poison.
   It protects you from negative energy.
   It increases your willpower.
Wands
 h - a wand of charming (23)
 s - a wand of flame (84)
 B - a wand of acid (22)
 D - a wand of polymorph (40)
 G - a wand of digging (14)
 J - a wand of iceblast (92)
 L - a wand of paralysis (5)
 Y - a wand of mindburst (8)
Scrolls
 g - 2 scrolls of blinking
 l - 7 scrolls of fog
 m - 3 scrolls of brand weapon
 v - 25 scrolls of identify
 w - 9 scrolls of enchant weapon
 x - 3 scrolls of silence
 z - 4 scrolls of magic mapping
 E - 4 scrolls of enchant armour
 K - 5 scrolls of fear
 S - 3 scrolls of teleportation
 Z - 6 scrolls of holy word
Potions
 d - 7 potions of berserk rage
 f - 3 potions of cancellation
 n - 7 potions of brilliance
 q - 6 potions of flight
 r - 4 potions of haste
 A - 2 potions of resistance
 C - 3 potions of magic
 H - 10 potions of curing
 M - 4 potions of invisibility
 X - a potion of heal wounds
Miscellaneous
 e - a phial of floods
 k - a box of beasts
 P - a lightning rod (4/4)
 U - a phantom mirror


   Skills:
 + Level 15.3 Fighting
 - Level 10.1 Slings
 - Level 10.0 Armour
 + Level 11.2 Dodging
 - Level 6.7 Stealth
 - Level 15.0 Shields
 + Level 12.9 Spellcasting
 + Level 15.7 Conjurations
 - Level 7.7 Hexes
 - Level 8.0 Summonings
 * Level 13.0 Fire Magic
 * Level 9.7 Ice Magic
 * Level 9.7 Earth Magic
 - Level 7.7 Evocations


You had 7 spell levels left.
You knew the following spells:

 Your Spells              Type           Power      Damage    Failure   Level
a - Starburst             Conj/Fire      55%        8x6d15    1%          6
b - Searing Ray           Conj           100%       3d7       0%          2
c - Dazzling Flash        Conj/Hex       100%       N/A       0%          3
d - Orb of Destruction    Conj           57%        9d17      1%          7
e - Conjure Flame         Conj/Fire      100%       6-21      0%          3
f - Confusing Touch       Hex            85%        N/A       1%          3
g - Bolt of Magma         Conj/Fire/Erth 52%        4d21      1%          5
h - Fireball              Conj/Fire      55%        3d21      1%          5
i - Stone Arrow           Conj/Erth      100%       3d13      0%          3
j - Frozen Ramparts       Ice            100%       1d12      1%          3

Your spell library contained the following spells:

 Spells                   Type           Power      Damage    Failure   Level
 Foxfire                  Conj/Fire      100%       2x1d9     0%          1
 Freeze                   Ice            100%       1d11      0%          1
 Magic Dart               Conj           100%       1d8       0%          1
 Sticky Flame             Conj/Fire      100%       2d11      0%          4
 Corona                   Hex            94%        N/A       1%          1
 Pain                     Necr           100%       1d9       1%          1
 Sting                    Tmut/Pois      100%       1d8       1%          1
 Blink                    Tloc           N/A        N/A       1%          2
 Call Imp                 Summ           86%        N/A       1%          2
 Corpse Rot               Necr/Air       N/A        N/A       1%          2
 Ensorcelled Hibernation  Hex/Ice        100%       N/A       1%          2
 Slow                     Hex            85%        N/A       1%          2
 Sublimation of Blood     Necr           16%        N/A       1%          2
 Gell's Gravitas          Tloc           16%        N/A       1%          3
 Ignite Poison            Fire/Tmut/Pois 68%        N/A       1%          3
 Inner Flame              Hex/Fire       96%        N/A       1%          3
 Mephitic Cloud           Conj/Pois/Air  73%        N/A       1%          3
 Ozocubu's Armour         Ice            94%        N/A       1%          3
 Portal Projectile        Hex/Tloc       100%       N/A       1%          3
 Spider Form              Tmut/Pois      16%        N/A       1%          3
 Tukima's Dance           Hex            85%        N/A       1%          3
 Vampiric Draining        Necr           16%        2d8       1%          3
 Cause Fear               Hex            42%        N/A       1%          4
 Fulminant Prism          Conj/Hex       51%        3d23      1%          4
 Hailstorm                Conj/Ice       100%       3d20      1%          4
 Ice Form                 Ice/Tmut       71%        N/A       1%          4
 Iskenderun's Mystic Bla  Conj/Tloc      86%        2d17      1%          4
 Leda's Liquefaction      Hex/Erth       45%        N/A       1%          4
 Petrify                  Tmut/Erth      71%        N/A       1%          4
 Summon Ice Beast         Ice/Summ       90%        N/A       1%          4
 Freezing Cloud           Conj/Ice/Air   44%        6-21      1%          5
 Irradiate                Conj/Tmut      43%        3d28      1%          5
 Iskenderun's Battlesphe  Conj           100%       2d15      1%          5
 Metabolic Englaciation   Hex/Ice        45%        N/A       1%          5
 Summon Mana Viper        Hex/Summ       86%        N/A       1%          5
 Iron Shot                Conj/Erth      52%        9d10      1%          6
 Silence                  Hex/Air        32%        N/A       3%          5
 Summon Forest            Summ/Tloc      33%        N/A       3%          5
 Yara's Violent Unravell  Hex/Tmut       32%        3d13      3%          5
 Shadow Creatures         Summ           N/A        N/A       3%          6
 Spellforged Servitor     Conj/Summ      51%        N/A       3%          7
 Ozocubu's Refrigeration  Ice            47%        4d14      9%          7
 Simulacrum               Ice/Necr       35%        N/A       12%         6
 Statue Form              Tmut/Erth      47%        N/A       12%         6
 Agony                    Necr           33%        N/A       16%         5
 Alistair's Intoxication  Tmut/Pois      22%        N/A       16%         5
 Summon Hydra             Summ           43%        N/A       19%         7
 Eringya's Noxious Bog    Tmut/Pois      16%        N/A       65%         6
 Ignition                 Fire           53%        3d15      19%         8
 Discord                  Hex            42%        N/A       83%         8


Dungeon Overview and Level Annotations

Branches:
Dungeon (15/15)            Temple (0/1) D:5            Lair (6/6) D:10
  Swamp (4/4) Lair:3        Snake (4/4) Lair:2        Slime (1/5) Lair:5
    Orc (2/2) D:12            Elf (1/3) Orc:2        Vaults (5/5) D:13
  Crypt (0/3) Vaults:3     Depths (5/5) D:15        Desolation (visited)
    Zot: Depths:5

Shops:
D:3 (   Orc:2 *!(?   Snake:1 !   Snake:3 :==   Snake:4 =*[(   Vaults:1 :
Vaults:2 =   Vaults:3 !   Vaults:4 ?   Depths:4 [!(

Portals:
Hell: Depths:1 Depths:2 Depths:3 Depths:4
Abyss: Depths:4
Pandemonium: Depths:1 Depths:2 Depths:3 Depths:4
Ziggurat: Depths:4

Annotations:
D:8 Harold
Lair:2 3 runed translucent doors, exclusion: 3 doors, Cyko's ghost, journeyman OpBe
Orc:2 Jyejeiptew's ghost, adept HOMo
Elf:1 exclusion: 4 doors


Innate Abilities, Weirdness & Mutations

Your attributes grow dramatically as you level up.
You have an increased reservoir of magic. (+10% MP)
You shall have no god before yourself.
You passively map a small area around you.


Message History

You see here 6 gold pieces.
The deep elf demonologist gestures at you while chanting.
You resist with almost no effort.
Press: ? - help, v - describe, . - travel
Here: a titan The floor.
Unknown command.
You feel protected. You block the titan's attack.
Unknown command.
Unknown command.
Aiming: Bolt of Magma (safe; 1% risk of failure)
Press: ? - help, Q - select action, (/) - cycle Shift-Dir - straight line, f - yaktaur captain
Aim: a yaktaur captain, wielding a +6 vampiric great sword and quivering bolts (wandering, hasn't noticed you, 92% to hit)
The bolt of magma hits the titan!!!
The titan is moderately wounded.
The bolt of magma hits the yaktaur captain!!!
The yaktaur captain is heavily wounded.
A tengu reaver comes into view.
It is wielding a +0 morningstar and wearing a +2 buckler of protection.
The deep elf demonologist mumbles some strange words.
You block the titan's attack.
A stone giant comes into view.
You hear a horrible gurgling sound!
Casting: Bolt of Magma (safe; 1% risk of failure)
Confirm with . or Enter, or press ? or * to list all spells.
Casting: Starburst (mildly dangerous; 1% risk of failure)
Press: ? - help, Dir - look around, f - activate The bolt of fire hits the tengu reaver!!!
The tengu reaver is severely wounded.
The bolt of fire hits the titan!!!
The titan is severely wounded.
The bolt of fire hits the deep elf demonologist!!!
The deep elf demonologist is severely wounded.
You hear a shout!
You hear an angry hiss.
The tengu reaver hits you with a +0 morningstar!
* * * LOW HITPOINT WARNING * * *
The tengu reaver closely misses you.
The tengu reaver claws you but does no damage.
The titan hits you!!!
You die...

* . * , , ,
.# , #. , {
,. * , , , ,
, .## ..# ,
, ##.##..# *
* * #Q!.#..#
,#@##..# , *
##C#..# * *
#.$...# *
#...#.#e.#
...#.###u..#
* #
##*#....#
.u....{..2.#
.........C.#
,
...........#


You could see a titan, a stone giant (wandering), a tengu reaver, a reaper
(summoned), a purple ugly thing (wandering) and a deep elf demonologist.

Vanquished Creatures
  Margery (Depths:3)
  Vashnia (Snake:2)
  Nikola (Snake:2)
  A golden dragon (Depths:4)
  2 Tzitzimimeh
  2 tentacled monstrosities
  Rupert (Lair:3)
  2 liches
  2 titans (Vaults:5)
  3 quicksilver dragons (Vaults:4)
  An Executioner (Depths:2)
  2 sphinxes (Vaults:2)
  The ghost of Lucahism the Unseen, an adept DsDe of Gozag (Orc:2)
  A thorn hunter (Swamp:4)
  2 shadow dragons (Depths:4)
  Roxanne (Swamp:2)
  5 nagarajas
  2 fenstrider witches
  A storm dragon (Elf:1)
  5 fire giants
  9 frost giants
  Louise (Depths:4)
  3 iron dragons
  2 deep elf sorcerers
  A cacodemon (Depths:3)
  2 orc warlords
  An imperial myrmidon (Desolation)
  A caustic shrike zombie (Depths:2)
  4 spectral caustic shrikes (Depths:5)
  7 vault wardens
  A ghoul (Swamp:3)
  3 juggernaut zombies (Depths:2)
  3 war gargoyles (Vaults:4)
  A juggernaut skeleton (Depths:2)
  5 reapers
  2 caustic shrike skeletons (Depths:2)
  The ghost of Ystrie Nocov the Eclecticist, a journeyman DEIE of Ashenzari (Swamp:1)
  2 spriggan defenders (Depths:3)
  29 very ugly things
  14 stone giants
  A quicksilver ooze (shapeshifter) (Depths:2)
  4 vampire knights (Depths:4)
  12 ironbound preservers
  A deep elf demonologist (Elf:1)
  4 halazid warlocks (Desolation)
  A dire elephant (shapeshifter) (D:15)
  3 deep elf annihilators
  An entropy weaver (Vaults:4)
  4 bunyips
  4 dire elephants
  An eidolon (Vaults:3)
  5 ettins
  7 spark wasps
  2 deep elf death magi
  3 eleionomae
  Josephine (D:15)
  9 fire dragons
  9 ragged hierophants (Desolation)
  A spectral quicksilver dragon (Depths:2)
  A crystal guardian (Desolation)
  12 yaktaur captains
  3 deep elf high priests
  10 great orbs of eyes
  A spectral shadow dragon (Depths:2)
  2 shambling mangroves (Swamp:4)
  Erolcha (D:13)
  12 ice dragons
  36 vault guards
  4 servants of whispers (Desolation)
  5 peacekeepers
  2 catoblepae
  5 salamander tyrants
  6 rakshasas
  20 naga warriors
  18 hydras
  6 ironbound thunderhulks
  5 boulder beetles
  7 ogre magi
  7 alligators
  14 centaur warriors
  2 ghost crabs
  2 spriggan air magi
  15 anacondas
  2 spectral stone giants (Depths:2)
  5 dancing weapons
  6 ironbound frosthearts
  23 two-headed ogres
  11 death yaks
  A spectral frost giant (Depths:2)
  9 deep troll shamans
  2 death knights
  4 tengu warriors
  7 vampire magi
  An orc high priest (Elf:1)
  23 naga sharpshooters
  6 deep troll earth magi
  3 ironbound beastmasters
  4 spriggan berserkers
  3 titan zombies (Depths:2)
  A storm dragon zombie (Depths:2)
  3 soul eaters (Swamp:4)
  A sun demon (Depths:3)
  14 hell knights
  Sonja (D:11)
  6 deep elf knights (Elf:1)
  8 shadow wraiths (Depths:4)
  A spectral spark wasp (Depths:2)
  A fire crab (Lair:4)
  8 salamander mystics
  5 shock serpents
  8 spriggan druids
  A flayed ghost (Depths:2)
  A death drake (Swamp:4)
  6 goliath frogs
  A glowing orange brain (Vaults:4)
  7 iron trolls
  3 shadow demons (Depths:4)
  46 deep trolls
  7 naga ritualists
  6 swamp dragons
  15 wizards
  3 bog bodies
  An orange crystal statue (Depths:2)
  A glowing orange brain (shapeshifter) (Depths:1)
  3 harpies (Vaults:1)
  5 phantasmal warriors
  18 ironbound convokers
  A lindwurm (Vaults:1)
  A shadow dragon zombie (Depths:2)
  5 deep elf archers (Elf:1)
  7 necromancers
  2 golden dragon skeletons (Depths:2)
  9 deep elf zephyrmancers
  A manticore (shapeshifter) (Depths:3)
  An orb spider (shapeshifter) (D:14)
  16 deep elf pyromancers
  3 orc sorcerers
  6 orc knights
  A tengu skeleton (Depths:2)
  5 mana vipers
  4 cyclopes
  7 will-o-the-wisps
  67 ugly things
  4 manticores
  A spectral spriggan (Depths:2)
  19 salamanders
  19 naga magi
  14 elephants
  10 guardian serpents
  9 vault sentinels
  4 orange demons
  27 black mambas
  A torpor snail (D:15)
  2 molten gargoyles (Desolation)
  A titan simulacrum (Depths:2)
  2 gargoyles
  8 cane toads
  2 freezing wraiths
  Psyche (D:8)
  A kobold demonologist (D:12)
  12 rime drakes
  6 tengu conjurers
  An elf zombie (Depths:2)
  29 yaktaurs
  4 unseen horrors
  A red devil (Depths:3)
  A spectral human (Depths:2)
  A hellwing (Swamp:4)
  11 komodo dragons
  A yaktaur (shapeshifter) (D:13)
  A spectral glowing shapeshifter (Depths:2)
  4 tormentors (Depths:2)
  2 elf skeletons (Depths:2)
  An ice devil (Depths:3)
  7 trolls
  3 polar bears
  10 hornets
  3 tyrant leeches
  26 blink frogs
  18 slime creatures
  A dream sheep (Lair:5)
  A frost giant simulacrum (Depths:2)
  A sphinx simulacrum (Depths:2)
  59 saltlings
  An iron dragon simulacrum (Depths:2)
  A redback (Vaults:4)
  A ynoxinul (Depths:1)
  A spriggan (shapeshifter) (D:13)
  A shadow (D:12)
  8 spriggans
  10 wyverns
  3 vampires
  7 wraiths
  36 yaks
  5 water elementals
  A human (Vaults:3)
  A neqoxec (Swamp:4)
  An elf simulacrum (Depths:2)
  5 basilisks
  5 steam dragons
  6 vampire mosquitoes (D:12)
  7 wargs
  A harpy simulacrum (D:15)
  11 swamp worms
  56 nagas
  3 acid dragons
  18 water moccasins
  A floating eye (shapeshifter) (Depths:3)
  2 swamp drakes
  13 orc warriors
  2 sky beasts
  A spriggan simulacrum (Depths:2)
  29 ogres
  A black bear (D:4)
  54 wolves
  10 centaurs
  3 kobold brigands
  A phantom (D:3)
  A gnoll sergeant (D:11)
  13 bullfrogs
  A glowing shapeshifter simulacrum (Depths:2)
  2 scorpions (D:6)
  A water moccasin skeleton (D:5)
  6 killer bees
  A vampire bat (D:4)
  3 wights (D:10)
  2 electric eels
  10 howler monkeys
  A jelly (shapeshifter) (Vaults:1)
  A lava snake (D:14)
  A bullfrog zombie (D:7)
  4 centaur zombies
  A gnoll shaman (D:9)
  3 jellies
  10 orc priests
  2 bullfrog skeletons
  2 centaur skeletons
  3 iguanas
  Jessica (D:3)
  13 orc wizards
  4 hell rats (Lair:5)
  2 howler monkey zombies
  4 adders
  11 gnolls
  A shadow imp (D:8)
  2 white imps
  An ufetubus (D:7)
  An adder skeleton (D:4)
  4 worms
  4 dart slugs
  3 fire bats (D:4)
  61 orcs
  2 spectral bats (D:4)
  4 ball pythons
  17 bats
  3 bat skeletons (D:4)
  A bat zombie (D:4)
  8 endoplasms
  4 giant cockroaches
  5 goblins
  4 hobgoblins
  8 jackals
  5 quokkas
  A bat simulacrum (D:4)
  4 frilled lizards
  27 kobolds
  5 rats
  A bush (Lair:1)
1739 creatures vanquished.

Vanquished Creatures (collateral kills)
  Mara (Depths:3)
  A very ugly thing (Depths:4)
  A shock serpent (Snake:4)
  A naga ritualist (Snake:4)
  A swamp dragon (Swamp:4)
  A hornet (Swamp:4)
  3 nagas (Snake:4)
9 creatures vanquished.

Vanquished Creatures (others)
  A vampire knight (Depths:3)
  A necromancer (Depths:2)
  A tengu conjurer (Depths:3)
  A bloated husk (Swamp:3)
  2 blink frogs (Lair:5)
  2 centaurs (D:13)
  A kobold brigand (D:9)
  A howler monkey (D:9)
  3 bushes (Lair:6)
  139 foxfires
  72 fungi
  129 plants
  2 withered plants
355 creatures vanquished.

Grand Total: 2103 creatures vanquished

Notes
Turn   | Place    | Note
-------+----------+-------------------------------------------
     0 | D:1      | pyrow613 the Demigod Conjurer began the quest for the Orb.
     0 | D:1      | Reached XP level 1. HP: 14/14 MP: 5/5
   270 | D:1      | Reached XP level 2. HP: 20/20 MP: 1/7
   363 | D:1      | Learned a level 2 spell: Searing Ray
   892 | D:1      | Reached XP level 3. HP: 26/26 MP: 2/8
  1233 | D:2      | Learned a level 3 spell: Dazzling Flash
  1311 | D:2      | You fall into a shaft and drop 1 floor!
  1494 | D:3      | Found Toutteff's Weapon Shoppe.
  1679 | D:2      | Reached skill level 1 in Armour
  2092 | D:2      | Reached XP level 4. HP: 34/34 MP: 5/10
  2095 | D:2      | Learned a level 1 spell: Foxfire
  2137 | D:2      | You fall into a shaft and drop 1 floor!
  2170 | D:3      | Reached skill level 1 in Hexes
  2323 | D:3      | Noticed Jessica
  2327 | D:3      | Killed Jessica
  2328 | D:3      | Reached skill level 1 in Fighting
  3080 | D:4      | Reached XP level 5. HP: 39/40 MP: 7/11
  3194 | D:4      | Reached skill level 1 in Slings
  3280 | D:4      | Noticed a black bear
  3292 | D:4      | Killed a black bear
  3359 | D:4      | Noticed a two-headed ogre
  3607 | D:4      | Noticed an ogre
  3635 | D:4      | Reached XP level 6. HP: 35/47 MP: 8/13
  3867 | D:3      | Reached skill level 5 in Conjurations
  4232 | D:4      | Learned a level 3 spell: Conjure Flame
  5204 | D:4      | Reached XP level 7. HP: 53/53 MP: 9/14
  5396 | D:4      | Killed a two-headed ogre
  5397 | D:4      | Reached XP level 8. HP: 62/62 MP: 5/16
  5525 | D:5      | Entered Level 5 of the Dungeon
  5838 | D:5      | Found a staircase to the Ecumenical Temple.
  5876 | D:5      | Learned a level 3 spell: Confusing Touch
  6836 | D:6      | Reached skill level 1 in Shields
  7925 | D:7      | Reached XP level 9. HP: 70/70 MP: 18/18
  9162 | D:8      | Noticed Psyche
  9170 | D:8      | Killed Psyche
  9171 | D:8      | Reached skill level 5 in Hexes
  9178 | D:8      | Noticed Harold
  9809 | D:9      | Identified 2 scrolls of acquirement
  9809 | D:9      | Acquired a +3 hunting sling of flaming
  9813 | D:9      | Acquired the +0 pair of gloves of the Past {rN+}
  9866 | D:9      | Noticed a two-headed ogre
  9876 | D:9      | Killed a two-headed ogre
 10028 | D:9      | Reached skill level 5 in Fire Magic
 10336 | D:9      | Reached XP level 10. HP: 54/80 MP: 15/21
 10445 | D:9      | Noticed a cyclops
 10460 | D:9      | Killed a cyclops
 10461 | D:9      | Reached skill level 5 in Spellcasting
 10698 | D:9      | Noticed a two-headed ogre
 10753 | D:9      | Killed a two-headed ogre
 10915 | D:9      | Reached skill level 5 in Fighting
 11073 | D:9      | Reached skill level 5 in Slings
 11391 | D:10     | Entered Level 10 of the Dungeon
 11967 | D:10     | Found a staircase to the Lair.
 12060 | D:10     | Noticed a red ugly thing
 13562 | D:10     | Reached XP level 11. HP: 43/89 MP: 15/23
 13915 | Lair:1   | Entered Level 1 of the Lair of Beasts
 14870 | Lair:1   | Noticed a seven-headed hydra
 14888 | Lair:1   | Killed a seven-headed hydra
 15174 | D:10     | Learned a level 1 spell: Freeze
 15180 | D:10     | Learned a level 5 spell: Fireball
 15657 | Lair:1   | Reached skill level 1 in Evocations
 15906 | Lair:1   | Reached skill level 1 in Ice Magic
 16838 | D:11     | Noticed Sonja
 16844 | D:11     | Killed Sonja
 17438 | D:12     | Learned a level 3 spell: Stone Arrow
 17443 | D:12     | Noticed a deep elf pyromancer
 17456 | D:12     | Killed a deep elf pyromancer
 17526 | D:11     | Acquired a +1 kite shield of positive energy
 17567 | D:12     | Noticed a boulder beetle
 17687 | D:12     | Noticed a centaur warrior
 17694 | D:12     | Killed a centaur warrior
 17695 | D:12     | Reached skill level 1 in Earth Magic
 17699 | D:12     | Noticed a two-headed ogre
 17703 | D:12     | Reached XP level 12. HP: 76/97 MP: 14/25
 17767 | D:12     | Noticed a death knight
 17922 | Lair:2   | Found a runed translucent gate.
 17922 | Lair:2   | Found a runed translucent gate.
 17922 | Lair:2   | Found a runed translucent gate.
 17923 | Lair:2   | Noticed Cyko's ghost (journeyman OpBe)
 17925 | Lair:2   | Noticed a catoblepas
 18311 | Lair:2   | Found a staircase to the Snake Pit.
 18352 | Lair:2   | Noticed a catoblepas
 18382 | Lair:2   | Killed a catoblepas
 18418 | Lair:2   | Upgraded the game from 0.27-a0-1232-gc6a4cbde82 to
                  | 0.27-a0-1245-g940ed4fa31
 18449 | Lair:2   | Reached skill level 5 in Shields
 18816 | Lair:2   | You fall into a shaft and drop 1 floor!
 19215 | Lair:3   | Noticed a boulder beetle
 19593 | Lair:2   | Killed a boulder beetle
 19734 | Lair:3   | Noticed Rupert
 19735 | Lair:3   | Paralysed by Rupert for 5 turns
 19763 | Lair:3   | Killed Rupert
 19954 | Lair:3   | Upgraded the game from 0.27-a0-1245-g940ed4fa31 to
                  | 0.27-a0-1256-gced786f65e
 20001 | Lair:3   | You fall into a shaft and drop 1 floor!
 20038 | Lair:4   | Reached XP level 13. HP: 107/107 MP: 16/27
 20674 | Lair:3   | Found a staircase to the Swamp.
 21449 | Lair:4   | Reached skill level 5 in Evocations
 22043 | D:12     | Reached skill level 5 in Dodging
 22922 | D:12     | Found a staircase to the Orcish Mines.
 23309 | D:12     | Noticed a white very ugly thing
 23321 | D:12     | Killed a white very ugly thing
 23432 | D:12     | Learned a level 3 spell: Frozen Ramparts
 23497 | D:12     | Identified the +2 flail of Generosity {vorpal, Int+4}
 23686 | D:12     | Identified the Incunabulum of Flamy Black Arts
 24031 | D:13     | Identified the +1 leather armour of Fashionability {rN+
                  | Str+6}
 24165 | D:13     | Noticed Erolcha
 24170 | D:13     | Killed Erolcha
 24304 | D:13     | Reached XP level 14. HP: 108/116 MP: 23/29
 24531 | Orc:1    | Entered Level 1 of the Orcish Mines
 24987 | Orc:2    | Entered Level 2 of the Orcish Mines
 25451 | Orc:2    | Paralysed by an ogre mage for 4 turns
 25947 | Orc:2    | Found Wenurra's General Store.
 25951 | Orc:2    | Found Yshricuas's Distillery.
 25951 | Orc:2    | Found Deabir's Magic Scroll Shop.
 25951 | Orc:2    | Found Iposchie's Weapon Emporium.
 25971 | Orc:2    | Bought a potion of heal wounds for 85 gold pieces
 25971 | Orc:2    | Bought a scroll of amnesia for 59 gold pieces
 25975 | Orc:2    | Bought a scroll of acquirement for 832 gold pieces
 25975 | Orc:2    | Acquired the +4 hunting sling "Turia" {freeze, rF+ SInv}
 25980 | Orc:2    | Bought a scroll of fear for 56 gold pieces
 25980 | Orc:2    | Bought a scroll of vulnerability for 120 gold pieces
 25980 | Orc:2    | Bought a scroll of identify for 32 gold pieces
 25980 | Orc:2    | Bought a scroll of identify for 32 gold pieces
 25980 | Orc:2    | Bought a scroll of fear for 56 gold pieces
 25980 | Orc:2    | Bought a scroll of enchant armour for 120 gold pieces
 25980 | Orc:2    | Bought a scroll of summoning for 152 gold pieces
 26090 | Orc:2    | Found a staircase to the Elven Halls.
 26908 | Swamp:1  | Entered Level 1 of the Swamp
 27024 | Lair:5   | Found a staircase to the Slime Pits.
 28360 | Lair:6   | Entered Level 6 of the Lair of Beasts
 28575 | Lair:6   | Reached XP level 15. HP: 123/126 MP: 27/32
 28653 | Lair:6   | Upgraded the game from 0.27-a0-1256-gced786f65e to
                  | 0.27-a0-1273-gec92ba881d
 29450 | Lair:6   | Reached skill level 10 in Fighting
 29552 | Lair:6   | Identified the +1 robe "Cunuolaa" {Fly rC- rN++ Int+2}
 30354 | Slime:1  | Entered Level 1 of the Pits of Slime
 30458 | Snake:1  | Entered Level 1 of the Snake Pit
 30791 | Snake:1  | Reached skill level 10 in Shields
 31302 | Snake:1  | Reached skill level 10 in Fire Magic
 31371 | Snake:1  | Found Lahauts's Distillery.
 31381 | Snake:1  | Bought a potion of flight for 45 gold pieces
 31381 | Snake:1  | Bought a potion of curing for 45 gold pieces
 31381 | Snake:1  | Bought a potion of curing for 45 gold pieces
 31381 | Snake:1  | Bought a potion of haste for 150 gold pieces
 31646 | Snake:1  | Learned a level 4 spell: Hailstorm
 33554 | Swamp:1  | Reached XP level 16. HP: 127/136 MP: 24/33
 33964 | Swamp:1  | Noticed a tentacled monstrosity
 33982 | Swamp:1  | Killed a tentacled monstrosity
 34041 | Swamp:1  | Found a large runed translucent door.
 34041 | Swamp:1  | Found a large runed translucent door.
 34045 | Swamp:1  | Noticed Ystrie Nocov's ghost (journeyman DEIE)
 34074 | Swamp:1  | Killed Ystrie Nocov's ghost
 34576 | Swamp:2  | Identified Roxanne's Handbook of Changing
 34576 | Swamp:2  | Noticed Roxanne
 34635 | Swamp:2  | Killed Roxanne
 36103 | Swamp:4  | Entered Level 4 of the Swamp
 37026 | Swamp:4  | Reached skill level 10 in Conjurations
 37032 | Swamp:4  | Learned a level 5 spell: Summon Mana Viper
 37098 | Swamp:4  | Noticed a tentacled monstrosity
 37109 | Swamp:4  | Killed a tentacled monstrosity
 37318 | Swamp:4  | Reached skill level 1 in Summonings
 37839 | Swamp:4  | Paralysed by a fenstrider witch for 5 turns
 37847 | Swamp:4  | Paralysed by a fenstrider witch for 3 turns
 37849 | Swamp:4  | HP: 2/136 [fenstrider witch (5)]
 38466 | Swamp:4  | Got a decaying rune of Zot
 38514 | Swamp:4  | Upgraded the game from 0.27-a0-1273-gec92ba881d to
                  | 0.27-a0-1287-gca74d27db6
 38835 | Elf:1    | Entered Level 1 of the Elven Halls
 38848 | Elf:1    | Reached XP level 17. HP: 144/144 MP: 26/35
 39767 | Elf:1    | Learned a level 6 spell: Starburst
 40024 | Elf:1    | Noticed an Ice Fiend
 40082 | Elf:1    | Found a runed translucent gate.
 40082 | Elf:1    | Found a runed translucent gate.
 40082 | Elf:1    | Found a runed translucent gate.
 40082 | Elf:1    | Found a runed translucent gate.
 40082 | Elf:1    | Found a runed translucent gate.
 40084 | Elf:1    | Found a runed translucent gate.
 40493 | Elf:1    | Found a runed translucent gate.
 40494 | Elf:1    | Found a runed translucent gate.
 40494 | Elf:1    | Found a runed translucent gate.
 40495 | Elf:1    | Noticed Lucahism's ghost (adept DsDe)
 40495 | Elf:1    | Noticed Jyejeiptew's ghost (adept HOMo)
 40716 | Orc:2    | Killed Lucahism's ghost
 41503 | D:13     | Found a gate to the Vaults.
 41805 | D:14     | Upgraded the game from 0.27-a0-1287-gca74d27db6 to
                  | 0.27-a0-1291-geefcff550b
 42681 | D:15     | Entered Level 15 of the Dungeon
 43472 | D:15     | Noticed Josephine
 43478 | D:15     | Killed Josephine
 43815 | D:15     | Found the +4 skin of Zhor {*Englaciate rC+++ SInv}
 44434 | D:15     | Found a staircase to the Depths.
 44683 | Vaults:1 | Entered Level 1 of the Vaults
 44975 | Vaults:1 | Reached XP level 18. HP: 104/155 MP: 23/36
 47242 | Vaults:1 | Found Mygeun Hope's Book Shop.
 47250 | Vaults:1 | Bought a book of Power for 810 gold pieces
 48994 | Vaults:2 | Reached skill level 10 in Spellcasting
 49740 | Vaults:2 | Found Wug Qeov's Jewellery Boutique.
 49757 | Vaults:2 | Upgraded the game from 0.27-a0-1291-geefcff550b to
                  | 0.27-a0-1299-g1ab19c6527
 49899 | Vaults:2 | Found a huge runed gate.
 49899 | Vaults:2 | Found a huge runed gate.
 49899 | Vaults:2 | Found a huge runed gate.
 49899 | Vaults:2 | Found a huge runed gate.
 49899 | Vaults:2 | Found a huge runed gate.
 49900 | Vaults:2 | Found a huge runed gate.
 49900 | Vaults:2 | Found a huge runed gate.
 49900 | Vaults:2 | Found a huge runed gate.
 49900 | Vaults:2 | Found a huge runed gate.
 49900 | Vaults:2 | Found a huge runed gate.
 49901 | Vaults:2 | Found a huge runed gate.
 49901 | Vaults:2 | Found a huge runed gate.
 49902 | Vaults:2 | Found a huge runed gate.
 49903 | Vaults:2 | Found a huge runed gate.
 49904 | Vaults:2 | Found a huge runed gate.
 49912 | Vaults:2 | Found a huge runed gate.
 49912 | Vaults:2 | Found a huge runed gate.
 49912 | Vaults:2 | Found a huge runed gate.
 49912 | Vaults:2 | Found a huge runed gate.
 49912 | Vaults:2 | Found a huge runed gate.
 49912 | Vaults:2 | Found a huge runed gate.
 49913 | Vaults:2 | Found a huge runed gate.
 49914 | Vaults:2 | Found a huge runed gate.
 49915 | Vaults:2 | Found a huge runed gate.
 49923 | Vaults:2 | Found a huge runed gate.
 49923 | Vaults:2 | Found a huge runed gate.
 49923 | Vaults:2 | Found a huge runed gate.
 49923 | Vaults:2 | Found a huge runed gate.
 49923 | Vaults:2 | Found a huge runed gate.
 49923 | Vaults:2 | Found a huge runed gate.
 49923 | Vaults:2 | Found a huge runed gate.
 49924 | Vaults:2 | Found a huge runed gate.
 49925 | Vaults:2 | Found a huge runed gate.
 49954 | Vaults:2 | Found a huge runed gate.
 49954 | Vaults:2 | Found a huge runed gate.
 49954 | Vaults:2 | Found a huge runed gate.
 50557 | Vaults:2 | Upgraded the game from 0.27-a0-1299-g1ab19c6527 to
                  | 0.27-a0-1308-gc08437e49b
 50817 | Vaults:2 | Reached skill level 10 in Dodging
 51873 | Vaults:2 | Reached XP level 19. HP: 69/163 MP: 13/38
 53458 | Snake:2  | Reached skill level 15 in Shields
 54612 | Snake:2  | Noticed Nikola
 54926 | Snake:1  | Learned a level 7 spell: Orb of Destruction
 54938 | Snake:2  | Killed Nikola
 57091 | Snake:3  | Reached skill level 5 in Summonings
 58143 | Snake:3  | Noticed Vashnia
 58610 | Snake:2  | Killed Vashnia
 59271 | Snake:3  | Found Ezxugoro's Book Boutique.
 59271 | Snake:3  | Found Soha's Jewellery Shoppe.
 59272 | Snake:3  | Found Laupluw's Jewellery Shoppe.
 59546 | Snake:4  | Entered Level 4 of the Snake Pit
 60219 | Snake:4  | Reached skill level 5 in Armour
 61067 | Snake:4  | Reached skill level 5 in Ice Magic
 61077 | Snake:4  | Identified the +4 plate armour of Dogma {*Corrode Dex+7}
 61099 | Snake:4  | Reached skill level 5 in Earth Magic
 63645 | Snake:4  | Found Biduat's Armour Shoppe.
 63645 | Snake:4  | Found Wass's General Store.
 63646 | Snake:4  | Found Oplacy's Jewellery Emporium.
 63648 | Snake:4  | Found Feuveet's Antique Weapon Shoppe.
 64413 | Snake:4  | Got a serpentine rune of Zot
 64773 | Snake:3  | Bought the ring "Nibun" {rPois rN+ Will+ Int+6} for 1590
                  | gold pieces
 65075 | Depths:1 | Entered Level 1 of the Depths
 65196 | Depths:1 | Found a gateway to Hell.
 65734 | Depths:1 | Reached XP level 20. HP: 167/173 MP: 34/40
 68452 | Depths:1 | Found a one-way gate leading to the halls of Pandemonium.
 68981 | Depths:1 | Identified the +10 quarterstaff of Quasob {spect, rPois
                  | Dex+2}
 70118 | Depths:2 | Identified the +9 morningstar "Lepheati" {vamp, Int+6}
 71127 | Depths:2 | Upgraded the game from 0.27-a0-1308-gc08437e49b to
                  | 0.27-a0-1332-g84bddb5ca7
 71240 | Depths:2 | Reached skill level 10 in Slings
 72489 | Depths:2 | Identified the +4 scale mail of Xokon {rC++ Will- Int+4}
 74489 | Depths:3 | Reached XP level 21. HP: 176/182 MP: 13/42
 74573 | Depths:3 | Noticed Mara
 74594 | Depths:3 | Noticed pyrow613's illusion
 74605 | Depths:3 | Killed Mara
 76657 | Depths:3 | Gained mutation: You passively map a small area around you.
                  | [a cacodemon]
 78127 | Depths:4 | Noticed Louise
 78134 | Depths:4 | Killed Louise
 78182 | Depths:4 | Found a one-way gate to the infinite horrors of the Abyss.
 78214 | Depths:4 | Noticed Margery
 78217 | Depths:4 | Reached skill level 5 in Stealth
 78245 | Depths:3 | Killed Margery
 78968 | Depths:4 | Found Yce Pesk's Armour Shop.
 78972 | Depths:4 | Found Raekavo's Distillery.
 78973 | Depths:4 | Found Seronn's Antique Weapon Shop.
 79324 | Depths:4 | Learned a level 5 spell: Bolt of Magma
 79771 | Depths:4 | Noticed a golden dragon
 79787 | Depths:4 | Killed a golden dragon
 79877 | Depths:4 | Found a gateway to a ziggurat.
 80563 | Depths:4 | Identified the +2 robe of Insecurity {+Blink rC++}
 80887 | Depths:4 | Found the +2 hood of the Assassin {Detection Stab+ Stlth++}
 81187 | Depths:5 | Entered Level 5 of the Depths
 81213 | Depths:4 | HP: 9/182 [acid (11)]
 81899 | Depths:5 | Noticed a golden dragon
 82101 | Depths:4 | Reached skill level 15 in Conjurations
 82963 | Vaults:3 | Reached XP level 22. HP: 150/191 MP: 21/44
 83404 | Vaults:3 | Found Nyschib's Distillery.
 83431 | Vaults:3 | Bought a potion of heal wounds for 110 gold pieces
 84009 | Vaults:3 | Reached skill level 10 in Armour
 84351 | Vaults:3 | Found a staircase to the Crypt.
 85601 | Vaults:4 | Found a ruined gateway.
 85654 | Desolati | Entered the Desolation of Salt
 85839 | Desolati | Reached skill level 15 in Fighting
 86765 | Desolati | Identified the +5 arbalest of Bohu {flame, rPois Dex+2}
 87659 | Desolati | Identified the ring of Ibbiyv {Int+2 Slay+4}
 87707 | Desolati | Identified the +6 scimitar "Wairakov" {holy, rF+ Dex+3}
 87806 | Desolati | Identified the +1 ring mail of Ompuz {Harm rF+}
 87807 | Desolati | Identified the +1 chain mail "Neifitep" {+Blink}
 87810 | Desolati | Identified the ring "Duqimuq" {Wiz *Slow rPois rN+ Stlth+}
 88605 | Vaults:4 | Found Origosh's Magic Scroll Shoppe.
 88609 | Vaults:4 | Bought 3 scrolls of enchant armour for 270 gold pieces
 90002 | Vaults:5 | Entered Level 5 of the Vaults
 91374 | Vaults:4 | Reached XP level 23. HP: 98/199 MP: 23/45
 91629 | Vaults:5 | Mangled by a titan

Illustrated notes

Levels and vault maps discovered:
D:1:      saegor_arrival_simple_d, layout_rooms,
          chequers_ecumenical_altar_twisty, minmay_misc_feat_x,
          minmay_tetromino_t4
D:2:      layout_basic
D:3:      layout_basic, kiku_gazebo_garden_becter, serial_shops, shop_fountains,
          uniq_jessica
D:4:      layout_cave_pools, goddamned_bats
D:5:      layout_loops_cross, minmay_temple_entry_water_ring,
          hangedman_decor_push
D:6:      layout_loops_ring, minmay_unpleasant_kobolds
D:7:      layout_rooms, kennysheep_mini_moat, lemuel_tele_altar
D:8:      layout_rooms, grunt_temple_overflow_gold_and_silver,
          old_standard_altar, minmay_door_square, uniq_harold, uniq_psyche
D:9:      layout_roguey, xom_confusion_cloud, lemuel_crystal_altar,
          ashenzari_altar_1
D:10:     layout_loops_ring, lemuel_doored_altar, lemuel_crystal_altar,
          erik_lair_orcish_takeover, minmay_fractal_squares_gapless_7
D:11:     layout_layer_cave, amcnicky_mini_pool_small, uniq_sonja
D:12:     minmay_the_grid_3x2 [minmay_the_grid_outer_circle,
          minmay_the_grid_broken_lines, minmay_the_grid_odd_star,
          minmay_the_grid_small_cups, minmay_the_grid_rooms,
          minmay_the_grid_prize_trominoes], layout_cave_pools, erik_orc_1,
          nicolae_qazlal_eye_of_the_storm
D:13:     layout_roguey, grunt_vaults_entry_fortified,
          nicolae_dithmenos_the_darkroom, uniq_erolcha
D:14:     lemuel_flame_loot_2, layout_basic, minmay_misc_feat_roman
D:15:     gammafunk_enter_depths_forms, layout_rooms, serial_corexii_hall,
          chequers_hall_statues_corner_a, corexii_hall_statues_l,
          wad_floor_pattern_untrapped, hellmonk_guarded_unrand_zhor,
          uniq_josephine
Lair:1:   layout_chaotic_city, grunt_forest_large_clearing_hut,
          wad_woods_river_01
Lair:2:   layout_gridlike, minmay_snake_entry_guardpost_small,
          gammafunk_ghost_split, serial_bayou_shore_a
Lair:3:   layout_gridlike, minmay_swamp_entry_reptiles, uniq_rupert
Lair:4:   layout_regular_city, lookout_lair_type, lemuel_fruit_fields
Lair:5:   layout_loops_ring, nicolae_slime_entry_slimehenge, nzn_random_ring,
          grunt_megastairs_5
Lair:6:   grunt_lair_end_beastmaster, layout_small_grid,
          grunt_forest_large_clearings
Swamp:1:  nicolae_swamp_decorative_isthmus, layout_basic_swamp,
          ebering_ghost_disaster_area, hangedman_swamp_blocks, swamp_pool4
Swamp:2:  nicolae_swamp_tree_isthmus, layout_basic_swamp,
          evilmike_swamp_ruin_wall, swamp_pool1, uniq_roxanne
Swamp:3:  layout_basic_swamp, evilmike_swamp_ruin_rubble_1,
          infiniplex_staircase_pool
Swamp:4:  nzn_swamp_witches_coven, layout_basic_swamp,
          nicolae_swamp_soggy_hallways, infiniplex_staircase_pool_2
Snake:1:  layout_grid_maze, serial_shops, shop, nicolae_snake_salamander_stairs
Snake:2:  layout_layer_cave, grunt_ministairs_13, uniq_nikola
Snake:3:  layout_chambers, nicolae_snake_ghostly_warrior_ritual,
          serial_bayou_shore_b, minmay_shop_grove, grunt_megastairs_3,
          uniq_vashnia
Snake:4:  johnstein_snake_rune_scales, layout_misc_corridors, minmay_snake_pond,
          minmay_shoptagon
Slime:1:  layout_caves, cheibrodos_slime_lost_civilization_7
Orc:1:    layout_diamond_mine, basic_altar
Orc:2:    st_orc_ogre_mass, layout_diamond_mine
Elf:1:    layout_loops_ring, gammafunk_ghost_cemetery, orc_legates
Vaults:1: nicolae_vaults_three_branches, v_rooms_2, v_misc_28,
          nicolae_vaults_quadrants, v_alt_pattern_4, ontoclasm_vaults_twist,
          vaults_room_stairs_pillars, nicolae_vaults_little_ls,
          vaults_dpeg_hooks, layout_vaults_quadrants, serial_shops, shop
Vaults:2: nicolae_vaults_alarming, hangedman_vaults_variations,
          grunt_vaults_diagonal, v_misc_13, ontoclasm_vaults_fault, v_pattern_3,
          vaults_not_door_vault_due, grunt_vaults_focal,
          nicolae_vaults_little_squares_3, v_misc_12, vaults_room_large_hall,
          vaults_mumra_chevron, v_alt_pattern_2, ontoclasm_vaults_hangar,
          v_misc_12, layout_vaults_maze_snakey, serial_shops, nicolae_shop_trees
Vaults:3: ontoclasm_vaults_ring_large, dpeg_vaults_monster_row,
          nicolae_vaults_hallways_thing, ontoclasm_vaults_claustrophobia,
          vaults_standard_mumra_x, hangedman_vaults_restitches,
          nicolae_vaults_ring_of_whatevers, ontoclasm_vaults_hangar,
          nicolae_vaults_holding_cells, vaults_room_semicircle,
          layout_vaults_big_room, minmay_crypt_entry_simple_walls, serial_shops,
          shop
Vaults:4: v_alt_pattern_3, vaults_dpeg_spiral, v_misc_19,
          vaults_room_hangedman_quadrants, nicolae_vaults_inception_scallops,
          ontoclasm_vaults_pinch, hangedman_vaults_stream, v_misc_2, v_misc_13,
          hangedman_vaults_river_flow, hangedman_vaults_impose,
          dpeg_vaults_monster_box, nicolae_vaults_angled_halls,
          layout_vaults_omnibox, serial_shops, shop,
          portal_desolation_entry_salt
Vaults:5
Depths:1: layout_basic, hell_entry, nicolae_hepliaklqana_hazy_memory,
          grunt_pan_entry_zigzag, dk_noncrumbling_3, grunt_ministairs_1,
          st_stairs_7, lightli_fourway_metalbox, kennysheep_random_hallway,
          firewood_loft
Depths:2: evilmike_negative_zone, layout_cave_pools, serial_sigils,
          serial_sigils_hangedman_leer, serial_sigils_hangedman_gut,
          serial_sigils_hangedman_shear, serial_sigils_hangedman_shear,
          hell_entry, grunt_pan_entry_sceptre, minmay_misc_feat_enclosed,
          minivault_16, serial_bayou_shore_b
Depths:3: minmay_box_of_statues, layout_gridlike, grunt_hell_entry_dis_old,
          rand_demon_pan_entry_1, serial_corexii_hall, corexii_hall_statues_x,
          chequers_hall_statues_corner_a, infiniplex_staircase_door_maze,
          uniq_mara
Depths:4: regret_index_dithmenos_brocken_genspenst, layout_basic,
          enter_ziggurat_d, hell_entry, nicolae_abyss_entry_one_way_or_another,
          serial_bayou_lagoon_a, grunt_pan_entry_in_and_out, minmay_shop_star,
          minmay_staircase_bubble, serial_bayou_shore_b, uniq_margery
Depths:5: grunt_twist_and_shout, layout_small_grid,
          nicolae_trove_entry_path_of_doom, marbit_kobold_abyss_entry,
          pf_hell_entry_tar_river, yredelemnul_altar_generic,
          infiniplex_staircase_pool_lava

Skill      XL: |  1  2  3  4  5  6  7  8  9 10 11 12 13 14 15 16 17 18 19 20 21 22 23 |
---------------+----------------------------------------------------------------------+-----
Spellcasting   | 2 3 4 5 6 7 8 9 10 11 12 | 12.9
Dodging        | 2 3 4 5 7 8 9 10 11 | 11.2
Conjurations   | 4 5 6 7 8 9 10 11 12 13 14 15 | 15.7
Armour         | 1 2 4 5 7 9 10 | 10.0
Hexes          | 1 2 3 4 5 6 7 |  7.7
Fighting       | 1 2 3 4 5 6 7 8 9 10 11 12 13 14 15 | 15.3
Slings         | 1 2 3 4 5 6 7 8 9 10 | 10.1
Fire Magic     | 2 4 5 6 7 8 9 10 11 12 13 | 13.0
Shields        | 1 3 4 5 7 9 11 12 13 14 15 | 15.0
Evocations     | 2 4 6 7 |  7.7
Ice Magic      | 2 4 5 7 8 9 |  9.7
Earth Magic    | 1 3 4 5 7 8 9 |  9.7
Stealth        | 2 3 4 6 |  6.7
Summonings     | 2 4 6 7 8 |  8.0

Action                   |  1- 3 |  4- 6 |  7- 9 | 10-12 | 13-15 | 16-18 | 19-21 | 22-24 || total
-------------------------+-------+-------+-------+-------+-------+-------+-------+-------++-------
Melee: Dagger            |    16 |       |       |       |       |       |       |       ||    16
       Hunting sling     |       |       |       |     2 |       |     1 |       |       ||     3
       Unarmed           |       |       |       |     1 |       |     6 |       |       ||     7
 Fire: Hunting sling     |    18 |    30 |   114 |   293 |   817 |   595 |  1284 |   467 ||  3618
Throw: Stone             |     7 |       |       |       |       |       |       |       ||     7
       Dart              |     6 |    10 |     9 |       |     3 |       |       |       ||    28
       Throwing net      |       |     1 |       |       |       |       |       |       ||     1
 Cast: Magic Dart        |    88 |    49 |    42 |     8 |       |       |       |       ||   187
       Searing Ray       |     4 |    15 |    44 |   130 |   189 |   190 |   163 |     6 ||   741
       Foxfire           |       |    28 |    19 |     9 |     2 |       |       |       ||    58
       Conjure Flame     |       |     3 |    16 |    34 |    41 |    48 |    17 |     7 ||   166
       Dazzling Flash    |       |       |     1 |     8 |     5 |     4 |     2 |       ||    20
       Fireball          |       |       |       |     3 |    48 |   161 |    46 |    10 ||   268
       Stone Arrow       |       |       |       |    19 |    54 |   164 |    69 |       ||   306
       Confusing Touch   |       |       |       |     1 |     2 |     2 |     2 |     1 ||     8
       Frozen Ramparts   |       |       |       |       |   110 |   134 |   195 |    28 ||   467
       Freeze            |       |       |       |       |     5 |       |       |       ||     5
       Hailstorm         |       |       |       |       |     1 |     2 |     8 |       ||    11
       Summon Mana Viper |       |       |       |       |       |     1 |       |       ||     1
       Starburst         |       |       |       |       |       |    25 |    53 |    37 ||   115
       Orb of Destructio |       |       |       |       |       |       |   235 |    73 ||   308
       Bolt of Magma     |       |       |       |       |       |       |    39 |   105 ||   144
Evoke: Wand              |       |       |       |       |     3 |    16 |     1 |     2 ||    22
       Phantom mirror    |       |       |       |       |       |     3 |     4 |       ||     7
       Box of beasts     |       |       |       |       |       |     1 |     4 |       ||     5
       Lightning rod     |       |       |       |       |       |       |     1 |       ||     1
  Use: Scroll            |     4 |       |     5 |    24 |     8 |    11 |     6 |     5 ||    63
       Potion            |       |       |     1 |     1 |     6 |     8 |     8 |     3 ||    27
 Stab: Invisible         |       |       |       |       |       |     2 |       |       ||     2
Armor: Robe              |     1 |     5 |    27 |    29 |       |       |       |       ||    62
       Leather armour    |    13 |    10 |       |       |       |       |       |       ||    23
       Troll leather arm |       |       |       |   106 |   204 |   129 |       |       ||   439
       Animal skin       |       |       |       |       |       |    39 |   212 |    57 ||   308
Dodge: Dodged            |    19 |    22 |    55 |   171 |   331 |   289 |   409 |   143 ||  1439
Block: Buckler           |       |       |    10 |    61 |   100 |       |       |       ||   171
       Kite shield       |       |       |       |       |   130 |   413 |   661 |   213 ||  1417

Table legend: (Time is in decaauts)
 A = Elapsed time spent in this place.
 B = Non-inter-level travel time spent in this place.
 C = Inter-level travel time spent in this place.
 D = Time resting spent in this place.
 E = Time spent auto-exploring this place.
 F = Levels seen in this place.
 G = Mean time per level.
                   A        B        C        D        E       F      G
               +--------+--------+--------+--------+--------+-----+--------+
         Total |  91490 |  87113 |   4377 |  35354 |  31852 |  44 | 2079.3 |
       Dungeon |  24402 |  22414 |   1988 |   8441 |   8771 |  15 | 1626.8 |
          Lair |   9806 |   9178 |    628 |   1583 |   4635 |   6 | 1634.3 |
         Swamp |   5512 |   5339 |    173 |   1616 |   2534 |   4 | 1378.0 |
     Snake Pit |  14658 |  14235 |    423 |   6614 |   4767 |   4 | 3664.5 |
    Slime Pits |      1 |      1 |      0 |      0 |      0 |   1 |    1.0 |
  Orcish Mines |   2426 |   2152 |    274 |    632 |    919 |   2 | 1213.0 |
   Elven Halls |   1567 |   1545 |     22 |    479 |    398 |   1 | 1567.0 |
        Vaults |  14322 |  13830 |    492 |   7258 |   4163 |   5 | 2864.4 |
        Depths |  16586 |  16211 |    375 |   8179 |   4651 |   5 | 3317.2 |
    Desolation |   2204 |   2204 |      0 |    550 |   1013 |   1 | 2204.0 |
               +--------+--------+--------+--------+--------+-----+--------+

Top non-repeatable levels by time:
Depths:3: 4864 daAuts
 Snake:3: 4631 daAuts
Vaults:1: 4616 daAuts
Depths:4: 4264 daAuts
 Snake:2: 4066 daAuts
Depths:2: 3971 daAuts
Vaults:4: 3730 daAuts
Depths:1: 3311 daAuts
Vaults:2: 3220 daAuts
    D:10: 3065 daAuts
 Snake:1: 3022 daAuts
    D:15: 2990 daAuts
 Snake:4: 2938 daAuts
    D:12: 2842 daAuts
Vaults:3: 2715 daAuts
